 Dungeon Crawl Stone Soup version 0.29.1-12-g30fa7ad0bf (webtiles) character file.

Game seed: 15010562295211790545

95 javelincjr the Trooper (level 4, -1/48 (55) HPs)
             Began as a Demonspawn Abyssal Knight on Jan 10, 2023.
             Was a Priest of Lugonu.
             Slain by a gnoll
             ... wielding a +0 flail
             ... led by a gnoll bouda
              (4 damage)
             ... on level 3 of the Dungeon.
             The game lasted 00:07:21 (3058 turns).

javelincjr the Trooper (Demonspawn Abyssal Knight)  Turns: 3058, Time: 00:07:21

HP:   -1/48 (55)    AC: 22    Str: 13    XL:     4   Next: 39%
MP:   5/5           EV:  2    Int: 11    God:    Lugonu [***...]
Gold: 145           SH:  0    Dex: 16    Spells: 3/3 levels left

rFire   . . .      SeeInvis +   a - +1 spear
rCold   . . .      Faith    .   (no shield)
rNeg    + . .      Spirit   .   (body armour currently unavailable)
rPois   +          Reflect  .   (helmet currently unavailable)
rElec   .          Harm     .   (cloak currently unavailable)
rCorr   .          Rampage  .   (gloves currently unavailable)
Will    .....      NoTele   +   (boots currently unavailable)
Stlth   ++........              (no amulet)
HPRegen 0.16/turn               g - ring of see invisible
MPRegen 0.09/turn               m - ring of positive energy

@: tree-form, heavily drained
A: stationary, stasis, torment immunity, boosted hp, (spiny 1)
a: Renounce Religion, Depart the Abyss, Bend Space, Banish


You were on level 3 of the Dungeon.
You worshipped Lugonu.
Lugonu was most pleased with you.
You were a tree.
You visited 1 branch of the dungeon, and saw 3 of its levels.
You visited the Abyss 1 time.

You collected 145 gold pieces.

Inventory:

Hand Weapons
 a - a +1 spear (weapon)
 d - a +1 short sword of venom
Missiles
 e - 43 stones
 k - 4 javelins
Armour
 b - a +0 leather armour (melded)
Jewellery
 g - a ring of see invisible (left branch)
 m - a ring of positive energy (right branch)
Scrolls
 c - 4 scrolls of identify {unknown}
 h - a scroll of vulnerability {unknown}
Potions
 j - a potion of ambrosia {unknown}
 l - a potion of heal wounds {unknown}
 n - 2 potions of berserk rage {unknown}


   Skills:
 + Level 3.7 Fighting
 + Level 2.8 Polearms
 + Level 2.6 Armour
 + Level 1.1 Dodging
 + Level 0.8 Stealth
 + Level 2.6 Invocations


You had 3 spell levels left.
You didn't know any spells.
Your spell library contained the following spells:

 Spells                   Type           Power      Damage    Failure   Level
 Magic Dart               Conj           0%         1d3       34%         1
 Call Imp                 Summ           0%         N/A       47%         2
 Mephitic Cloud           Conj/Pois/Air  0%         N/A       71%         3


Dungeon Overview and Level Annotations

Branches:
Dungeon (3/15)

Altars:


Innate Abilities, Weirdness & Mutations

You are a tree.
Your roots penetrate the ground, keeping you stationary.
You cannot be teleported.
You are immune to unholy pain and torment.
Your maximum health is greatly increased.
Your equipment is partially melded.
((You are partially covered in sharp spines.))


Message History

You partially resist.
You feel drained.
You hit the gnoll.
The gnoll is heavily wounded.
The gnoll hits you with a +0 flail!
* * * LOW HITPOINT WARNING * * *
The gnoll is struck by your spines.
The gnoll hits you with a +1 flail of draining.
* * * LOW HITPOINT WARNING * * *
You partially resist.
You feel drained.
* * * LOW HITPOINT WARNING * * *
It was a potion of lignification.
You turn into a tree.
Your +0 leather armour melds into your body.
Your roots penetrate the ground.
The gnoll hits you but does no damage.
The gnoll hits you with a +1 flail of draining.
* * * LOW HITPOINT WARNING * * *
You partially resist.
You feel drained.
It was a potion of curing.
You feel better.
The gnoll hits you with a +1 flail of draining.
* * * LOW HITPOINT WARNING * * *
You partially resist.
You feel drained.
You barely miss the gnoll. The gnoll hits you with a +0 flail.
* * * LOW HITPOINT WARNING * * *
The gnoll hits you but does no damage. You partially resist.
The gnoll hits you but does no damage.
You hit the gnoll.
The gnoll is moderately wounded.
The gnoll hits you with a +0 flail.
* * * LOW HITPOINT WARNING * * *
The gnoll hits you but does no damage. You partially resist.
The gnoll hits you but does no damage.
You barely miss the gnoll.
The gnoll is moderately wounded.
The gnoll hits you but does no damage. x2; You partially resist.
The gnoll hits you but does no damage.
You hit the gnoll.
The gnoll is heavily wounded.
You hit the gnoll.
The gnoll is severely wounded.
The gnoll hits you with a +0 flail.
You die...

## ### #. ... ###.
#.. ..[ #.# #..
#.# # #..
#.#####...
#..##.#gg.....
#.....♣g#
#.....g####
#..........
####........##
#...........#
####.##......### #
.....#†.....#
...#####..#...##.#
.......†......##.#


You could see 4 gnolls.

Vanquished Creatures
  A gnoll (D:3)
  An adder (D:2)
  2 worms (D:2)
  A dart slug (D:2)
  3 ball pythons
  7 endoplasms
  3 giant cockroaches
  3 hobgoblins
  11 jackals
  4 quokkas
  6 bats
  4 frilled lizards (D:1)
  4 goblins
  6 kobolds (D:1)
  5 rats (D:1)
61 creatures vanquished.

Vanquished Creatures (others)
  5 plants (D:1)
  2 starspawn tentacles (Abyss:2)
7 creatures vanquished.

Grand Total: 68 creatures vanquished

Notes
Turn   | Place    | Note
-------+----------+-------------------------------------------
     0 | Abyss:1  | javelincjr the Demonspawn Abyssal Knight began the quest
                  | for the Orb.
     0 | Abyss:1  | Reached XP level 1. HP: 18/18 MP: 2/2
     1 | Abyss:1  | Found a corrupted altar of Lugonu.
    36 | Abyss:2  | Noticed a tentacled starspawn
    59 | D:1      | Escaped the Abyss
   395 | D:1      | Reached ** piety under Lugonu
   450 | D:1      | Gained mutation: You are partially covered in sharp spines.
                  | [demonic ancestry]
   450 | D:1      | Reached XP level 2. HP: 23/24 MP: 3/3
  1124 | D:1      | Reached XP level 3. HP: 29/29 MP: 4/4
  1511 | D:1      | Reached skill level 1 in Dodging
  1865 | D:1      | Found a faded altar of an unknown god.
  2162 | D:2      | Reached *** piety under Lugonu
  2354 | D:2      | Reached XP level 4. HP: 19/35 MP: 5/5
  3058 | D:3      | Slain by a gnoll

Illustrated notes

Levels and vault maps discovered:
D:1:      evilmike_arrival_hilbert_curve, layout_loops_corners,
          chequers_ecumenical_altar_lobes, minmay_statues_item
D:2:      layout_basic, basic_altar
D:3:      layout_loops_ring

Skill      XL: |  1  2  3 |
---------------+----------+-----
Polearms       | 2 |  2.8
Armour         | 2 |  2.6
Dodging        | 1 |  1.1
Fighting       | |  3.7
Stealth        | |  0.8
Invocations    | |  2.6

Action                   |  1- 3 |  4- 6 || total
-------------------------+-------+-------++-------
Melee: Spear             |   136 |    37 ||   173
Invok: Depart the Abyss  |     1 |       ||     1
  Use: Potion            |       |     2 ||     2
 Stab: Sleeping          |     1 |       ||     1
Armor: Leather armour    |    33 |     7 ||    40
       Skin              |       |     8 ||     8
Dodge: Dodged            |    66 |    14 ||    80
